 Dungeon Crawl Stone Soup version 0.29-a0-819-g94b489e0ae (webtiles) character file.

Game seed: 9064301262627181227

1731 Querens the Shield-Bearer (level 9, -1/75 HPs)
             Began as a Meteoran Fighter on July 6, 2022.
             Was an Initiate of Okawaru.
             Slain by a two-headed ogre
             ... wielding a +0 giant club
              (9 damage)
             ... on level 7 of the Dungeon.
             The game lasted 00:13:28 (3458 turns).

Querens the Shield-Bearer (Meteoran Fighter)        Turns: 3458, Time: 00:13:29

Health: -1/75      AC: 15    Str: 29    XL:     9   Next: 49%
Magic:  17/17      EV: 10    Int:  9    God:    Okawaru [......]
Gold:   307        SH: 11    Dex: 14    Spells: 15/17 levels left

rFire   + . .      SeeInvis .   a - +0 war axe
rCold   . . .      Faith    .   c - +0 buckler
rNeg    . . .      Spirit   .   y - +5 ring mail "Casulor" {Contam rF+ Will+++ Slay+3}
rPois   .          Reflect  +   (no helmet)
rElec   .          Harm     .   (no cloak)
rCorr   .          Rampage  .   (no gloves)
Will    ++++.                   (no boots)
Stlth   +.........              j - amulet of reflection
HPRegen 0.22/turn               s - +4 ring of protection
MPRegen 0.15/turn               i - +6 ring of strength

@: glowing
A: sense surroundings 2, otherworldly, glowing, explore regen
a: Renounce Religion


You were on level 7 of the Dungeon.
You worshipped Okawaru.
Okawaru was noncommittal.
You visited 2 branches of the dungeon, and saw 8 of its levels.

You collected 307 gold pieces.

Inventory:

Hand Weapons
 a - a +0 war axe (weapon)
 o - the +4 sling of Kous Ive {vorpal, rElec rCorr Str-4 Dex+4}
   (You found it on level 2 of the Dungeon)

   Any ammunition fired from it inflicts extra damage upon your enemies.
   Str:       It affects your strength (-4).
   Dex:       It affects your dexterity (+4).
   rElec:     It insulates you from electricity.
   rCorr:     It protects you from acid and corrosion.
Armour
 c - a +0 buckler (worn)
 y - the +5 ring mail "Casulor" (worn) {Contam rF+ Will+++ Slay+3}
   (You found it on level 3 of the Dungeon)

   Slay:      It affects your accuracy & damage with ranged weapons and melee
   (+3).
   rF:        It protects you from fire.
   Contam:    It causes magical contamination when unequipped.
   Will:      It greatly increases your willpower.
Jewellery
 g - a ring of protection from fire
 i - a +6 ring of strength (right hand)
 j - an amulet of reflection (around neck)
 s - a +4 ring of protection (left hand)
 t - a +4 ring of evasion
Wands
 w - a wand of flame (32)
 B - a wand of mindburst (19)
Scrolls
 e - 6 scrolls of identify
 k - 2 scrolls of enchant weapon {unknown}
 l - 2 scrolls of enchant armour {unknown}
 n - 4 scrolls of fog
 p - 2 scrolls of poison {unknown}
 q - a scroll of torment {unknown}
 u - 4 scrolls of teleportation
 v - a scroll of magic mapping {unknown}
Potions
 b - 2 potions of heal wounds {unknown}
 d - 2 potions of might
 f - a potion of lignification {unknown}
 h - 2 potions of mutation {unknown}
 m - a potion of haste {unknown}
 r - a potion of invisibility
 x - 4 potions of curing {unknown}
 z - 2 potions of magic {unknown}
 A - a potion of ambrosia {unknown}


   Skills:
 + Level 6.2 Fighting
 + Level 6.2 Axes
 + Level 6.7 Armour
 + Level 6.7 Shields
 + Level 4.7 Spellcasting
 + Level 4.9 Transmutations


You had 15 spell levels left.
You knew the following spells:

 Your Spells              Type           Power      Damage    Failure   Level
a - Wereblood             Tmut           11%        N/A       9%          2

Your spell library contained the following spells:

 Spells                   Type           Power      Damage    Failure   Level
 Sublimation of Blood     Necr           2%         N/A       54%         2
 Summon Hydra             Summ           Unusable   N/A       N/A         7

Dungeon Overview and Level Annotations

Branches:
Dungeon (7/15) Zot: 785    Temple (1/1) D:7 Zot: 438

Altars:
Ashenzari
Cheibriados
Dithmenos
Fedhas
Gozag
Hepliaklqana
Kikubaaqudgha
Makhleb
Nemelex Xobeh
Okawaru
Qazlal
Sif Muna
Trog
Uskayaw
Vehumet
Wu Jian
Xom
Yredelemnul
Zin
The Shining One

Shops:
D:5 :

Annotations:
D:5 2 transporters, stil's ghost, amateur SpAM


Innate Abilities, Weirdness & Mutations

You passively map the area around you.
You are easily found by Zot.
You glow in the dark.
You regain HP and MP as you explore.


Message History

Press: ? - help, v - describe, . - travel An iron altar of Okawaru.
Found a burning altar of Makhleb.
Found a radiant altar of Vehumet.
Found a stormy altar of Qazlal.
Found an opulent altar of Gozag.
There is a glowing golden altar of the Shining One here.
There is an iron altar of Okawaru here.
You kneel at the altar of Okawaru.
Okawaru welcomes you!
There is a broken altar of Ashenzari here.
There is a dry fountain here.
There is a staircase back to the Dungeon here.
You climb upwards.
Welcome back to the Dungeon!
You hear the roar of battle.
There is an entrance to a bailey on this level.
Hurry and find it before the portal closes forever!
You hear the quick creaking of a distant portcullis.
The two-headed ogre hits you with a +0 giant club!!
The two-headed ogre hits you but does no damage.
There is a staircase to the Ecumenical Temple, spattered with blood here.
The two-headed ogre hits you with a +0 giant club!!
You block the two-headed ogre's attack.
There is an open door here.
The two-headed ogre attacks as you move away!
You block the two-headed ogre's attack. The two-headed ogre closely misses you.
Aiming: Mindburst
Press: ? - help, Shift-Dir - straight line, f - two-headed ogre
Aim: a two-headed ogre, wielding two +0 giant clubs (chance to affect: 47%)
The two-headed ogre resists with some effort.
Unknown command.
Really walk into that dispersal trap?
You enter a dispersal trap!
The two-headed ogre blinks! x2; You blink.
The two-headed ogre hits you with a +0 giant club!!
* * * LOW HITPOINT WARNING * * *
The two-headed ogre hits you with a +0 giant club!
* * * LOW HITPOINT WARNING * * *
The two-headed ogre attacks as you move away!
The two-headed ogre barely misses you.
The two-headed ogre hits you with a +0 giant club!
You die...

#.# ###..##### *** #.#
#........# ,, , #.#
###.####.# ###.### #.#
#.# , ####### #.# #§# *
* * ##⌠.⌠######.# #.#
.'.>.'....#.####.### #
##⌠.⌠####..........#.###
* ###'###
###.####@.........
###.### #.# #.O########
* #.# #.# #^.# #.# #.#
#..# #.# #.# #..# ..., ,
..# #..# , *### #..# , ,
#..# , * * #..#


You could see a two-headed ogre.

Vanquished Creatures
  Menkaure (D:5)
  A water moccasin (D:6)
  Duvessa (D:5)
  A sky beast (D:7)
  A black bear (D:4)
  An ogre (D:6)
  A gnoll sergeant (D:5)
  A bullfrog (D:4)
  A scorpion (D:7)
  5 wights (D:7)
  Dowan (D:5)
  5 killer bees (D:7)
  2 hounds
  Ijyb (D:3)
  2 iguanas
  3 orc wizards
  6 adders
  3 gnolls (D:5)
  A shadow imp (D:7)
  2 white imps (D:5)
  5 worms
  3 dart slugs
  11 orcs
  9 endoplasms
  6 giant cockroaches
  9 goblins
  4 hobgoblins
  7 jackals
  7 quokkas
  7 ball pythons
  A bat (D:3)
  5 frilled lizards
  6 kobolds
  5 rats
125 creatures vanquished.

Vanquished Creatures (others)
  3 fungi (D:2)
  7 plants (D:2)
10 creatures vanquished.

Grand Total: 135 creatures vanquished

Notes
Turn   | Place    | Note
-------+----------+-------------------------------------------
     0 | D:1      | Querens the Meteoran Fighter began the quest for the Orb.
     0 | D:1      | Reached XP level 1. HP: 19/19 MP: 2/2
   154 | D:1      | Reached XP level 2. HP: 25/26 MP: 3/3
   426 | D:1      | Reached XP level 3. HP: 29/31 MP: 4/4
   637 | D:2      | Reached XP level 4. HP: 29/40 MP: 5/5
   833 | D:2      | Identified the +4 sling of Kous Ive {vorpal, rElec rCorr
                  | Str-4 Dex+4}
  1088 | D:3      | Reached XP level 5. HP: 46/46 MP: 6/6
  1105 | D:3      | Learned a level 2 spell: Wereblood
  1406 | D:3      | Noticed Ijyb
  1424 | D:3      | Killed Ijyb
  1425 | D:3      | Reached skill level 1 in Spellcasting
  1425 | D:3      | Reached skill level 1 in Transmutations
  1428 | D:3      | Identified the +5 ring mail "Casulor" {Contam rF+ Will+++
                  | Slay+3}
  1677 | D:4      | Reached XP level 6. HP: 52/52 MP: 8/8
  1680 | D:4      | Noticed a black bear
  1686 | D:4      | Killed a black bear
  1897 | D:4      | Reached skill level 5 in Armour
  1897 | D:4      | Reached skill level 5 in Shields
  1897 | D:4      | Reached XP level 7. HP: 54/60 MP: 9/11
  2076 | D:5      | Entered Level 5 of the Dungeon
  2090 | D:5      | Noticed a yak
  2111 | D:5      | Found a transporter.
  2111 | D:5      | Noticed stil's ghost (amateur SpAM)
  2114 | D:5      | Found a transporter.
  2239 | D:5      | Found a bloodstained altar of Trog.
  2239 | D:5      | Noticed Dowan
  2241 | D:5      | Noticed Duvessa
  2278 | D:5      | Killed Dowan
  2283 | D:5      | Killed Duvessa
  2382 | D:5      | Reached skill level 5 in Fighting
  2382 | D:5      | Reached XP level 8. HP: 28/68 MP: 13/13
  2406 | D:5      | Noticed Menkaure
  2410 | D:5      | Killed Menkaure
  2411 | D:5      | Reached skill level 5 in Axes
  2425 | D:5      | Found Xaeg's Book Shop.
  2803 | D:6      | Found a sparkling altar of Nemelex Xobeh.
  3068 | D:7      | Gained mutation: You passively map the area around you.
                  | [Meteoran growth]
  3068 | D:7      | Reached XP level 9. HP: 54/74 MP: 15/15
  3136 | D:7      | Found a snail-covered altar of Cheibriados.
  3193 | D:7      | Found a hide-covered altar of Uskayaw.
  3214 | D:7      | Noticed a two-headed ogre
  3232 | D:7      | Found a staircase to the Ecumenical Temple.
  3279 | Temple   | Entered the Ecumenical Temple
  3367 | Temple   | Became a worshipper of Warmaster Okawaru
  3458 | D:7      | Slain by a two-headed ogre

Illustrated notes

Levels and vault maps discovered:
D:1:      sevenhm_arrival_forest_fort_small_5, layout_basic,
          kennysheep_crisscross, st_stairs_2
D:2:      layout_basic, shapermc_ecumenical_altar_hornbeckon,
          minmay_misc_feat_five, hex_intersection, chequers_big_river,
          grunt_ministairs_6
D:3:      kennysheep_the_goblin_king, layout_loops_ring
D:4:      layout_basic
D:5:      layout_basic, mainiacjoe_overflow_brackets, serial_shops, shop,
          gammafunk_ghost_arena, portal_sewer_entry_a, uniq_duvessa,
          uniq_menkaure
D:6:      layout_basic, nemelex_altar_shiori, chequers_serial_rivers_micro_b,
          minmay_misc_feat_doors
D:7:      layout_loops_ring, kennysheep_slug_shrine,
          eat_drink_and_be_merry_uskayaw, temple_doors_e, enter_bailey_5,
          kennysheep_windowed_goal
Temple:   minmay_temple_bridge_d

Skill      XL: |  1  2  3  4  5  6  7  8  9 |
---------------+----------------------------+-----
Armour         | 4 5 6 |  6.7
Shields        | 4 5 6 |  6.7
Axes           | 3 4 5 6 |  6.2
Fighting       | 4 5 6 |  6.2
Spellcasting   | 1 2 3 4 |  4.7
Transmutations | 1 2 3 4 |  4.9

Action                   |  1- 3 |  4- 6 |  7- 9 || total
-------------------------+-------+-------+-------++-------
Melee: War axe           |    67 |   122 |   116 ||   305
 Fire: Sling             |       |    25 |       ||    25
Evoke: Wand              |       |     2 |    24 ||    26
  Use: Scroll            |       |       |     2 ||     2
Armor: Scale mail        |     5 |       |       ||     5
       Ring mail         |    29 |    70 |    89 ||   188
Dodge: Dodged            |    23 |    50 |    58 ||   131
Block: Buckler           |    14 |    45 |    81 ||   140
       Reflection        |       |       |     3 ||     3

Table legend: (Time is in decaauts)
 A = Elapsed time spent in this place.
 B = Non-inter-level travel time spent in this place.
 C = Inter-level travel time spent in this place.
 D = Time resting spent in this place.
 E = Time spent auto-exploring this place.
 F = Levels seen in this place.
 G = Mean time per level.
                   A        B        C        D        E       F      G
               +--------+--------+--------+--------+--------+-----+--------+
         Total |   3576 |   3288 |    288 |      0 |     33 |   8 |  447.0 |
       Dungeon |   3414 |   3227 |    187 |      0 |      0 |   7 |  487.7 |
        Temple |    161 |     60 |    101 |      0 |     33 |   1 |  161.0 |
               +--------+--------+--------+--------+--------+-----+--------+

Top non-repeatable levels by time:
     D:3: 601 daAuts
     D:4: 560 daAuts
     D:5: 554 daAuts
     D:2: 512 daAuts
     D:1: 489 daAuts
     D:6: 449 daAuts
     D:7: 246 daAuts
  Temple: 161 daAuts
